 Dungeon Crawl Stone Soup version 0.30.1-9-gdf580d7c3d (webtiles) character file.

Game seed: 6819644435873019932

175 Ivernyr the Trooper (level 5, -2/43 HPs)
             Began as a Formicid Fighter on Sept 28, 2023.
             Slain by a ball python (3 damage)
             ... in a sewer.
             The game lasted 00:05:18 (2096 turns).

Ivernyr the Trooper (Formicid Fighter)              Turns: 2096, Time: 00:05:19

Health: -2/43      AC:  8    Str: 23    XL:     5   Next: 86%
Magic:  5/5        EV:  9    Int:  7    God:
Gold:   74         SH:  5    Dex: 13    Spells: 4/4 levels left

rFire   . . .        a - +5 club (spect)
rCold   . . .        c - +0 buckler
rNeg    . . .        b - +0 scale mail
rPois   .            (helmet unavailable)
rElec   .            (no cloak)
rCorr   .            (no gloves)
SInv    +            p - +0 pair of boots
Will    .....        (no amulet) Stlth
                     (no ring)
HPRegen 0.27/turn    (no ring)
MPRegen 0.09/turn

%: no passive effects
@: no status effects
A: permanent stasis, dig shafts and tunnels, antennae 3, four strong arms
a: Dig


You were in a sewer.
You visited 1 branch of the dungeon, and saw 3 of its levels.
You also visited: Sewer.

You collected 74 gold pieces.

Inventory:

Hand Weapons
 a - a +5 spectral club (weapon)
Armour
 b - a +0 scale mail (worn)
 c - a +0 buckler (worn)
 p - a +0 pair of boots (worn)
Scrolls
 g - a scroll of magic mapping {unknown}
 i - 2 scrolls of summoning {unknown}
 k - a scroll of immolation {unknown}
 l - a scroll of teleportation {unknown}
 m - 2 scrolls of blinking {unknown}
 q - a scroll of acquirement {unknown}
 s - a scroll of fog {unknown}
 w - 2 scrolls of identify {unknown}
Potions
 d - 2 potions of might
 e - 2 potions of heal wounds {unknown}
 f - a potion of resistance {unknown}
 h - a potion of lignification {unknown}
 j - a potion of haste {unknown}
 n - 2 potions of brilliance {unknown}
 o - a potion of mutation {unknown}
 r - 2 potions of curing {unknown}
 t - a potion of attraction {unknown}
 u - a potion of invisibility {unknown}
 v - 2 potions of degeneration {unknown}


   Skills:
 + Level 4.7 Fighting
 + Level 3.5 Maces & Flails
 + Level 4.6 Armour
 - Level 4.0 Shields


You had 4 spell levels left.
You didn't know any spells.
Your spell library contained the following spells:

 Spells                   Type           Power      Damage    Failure   Level
 Arcjolt                  Conj/Air       0%         1d10      100%        5
 Plasma Beam              Fire/Air       0%         2x1d11    100%        6
 Vhi's Electric Charge    Tloc/Air       Unusable   N/A       N/A         3

Dungeon Overview and Level Annotations

Branches:
Dungeon (3/15)              Sewer (1/1)

Altars:


Innate Abilities, Weirdness & Mutations

You cannot be hasted, slowed, berserked, paralysed or teleported.
You can dig through walls and to a lower floor.
You have a pair of large antennae on your head. (SInv)
Your four strong arms can wield two-handed weapons with a shield.


Message History

* * * LOW HITPOINT WARNING * * *
The ball python bites you but does no damage.
The ball python barely misses you. The bullfrog attacks as you move away!
You block the bullfrog's attack.
The ball python attacks as you move away!
The ball python bites you but does no damage.
The ball python barely misses you. The bullfrog attacks as you move away!
The bullfrog closely misses you.
The adder hisses angrily.
The ball python barely misses you. The ball python closely misses you.
The bullfrog hits you.
* * * LOW HITPOINT WARNING * * *
The ball python barely misses you. The ball python grabs you.
The ball python constricts you. You block the ball python's attack.
The ball python barely misses you. The bullfrog barely misses you.
The ball python bites you but does no damage.
The ball python constricts you.
You escape the ball python's grasp.
The ball python attacks as you move away!
The ball python barely misses you. The bullfrog hits you.
* * * LOW HITPOINT WARNING * * *
The ball python closely misses you. The ball python grabs you.
The ball python constricts you.
Unknown command.
You escape the ball python's grasp.
The ball python attacks as you move away!
You block the ball python's attack.
The ball python attacks as you move away!
You block the ball python's attack. The bullfrog hits you.
* * * LOW HITPOINT WARNING * * *
The bullfrog attacks as you move away!
The bullfrog hits you but does no damage.
The ball python attacks as you move away!
The ball python bites you but does no damage.
The ball python closely misses you. The bullfrog attacks as you move away!
The bullfrog hits you but does no damage.
The ball python attacks as you move away!
The ball python bites you.
You die...

################
###.#≈~≈≈≈~≈≈≈~≈≈≈
##....≈≈≈~≈≈~.†~#≈≈
#....~≈~≈~~~≈~~≈~~≈
#..S.~~~~~~≈~≈≈~~~~
##....Sl≈~~≈≈≈≈≈≈~~≈
#..SS.F{≈≈≈≈≈≈≈≈≈≈≈≈
#..SF###############
##..@#### #....#..#
#....'..# #.††#####
##...##
#....###############
#......~≈≈~~≈≈≈≈≈≈≈~
##.....~~~≈††..≈≈~~~
#....~≈≈~≈≈...≈~~~≈


You could see 2 bullfrogs, an adder, 4 ball pythons and a frilled lizard.

Vanquished Creatures
  Jessica (D:2)
  5 adders
  A river rat (Sewer)
  2 worms (D:2)
  2 dart slugs (D:1)
  18 ball pythons
  4 endoplasms
  4 giant cockroaches
  4 goblins
  5 hobgoblins
  6 kobolds
  3 quokkas
  5 bats
  A frilled lizard (D:2)
  34 rats
95 creatures vanquished.

Notes
Turn   | Place    | Note
-------+----------+-------------------------------------------
     0 | D:1      | Ivernyr the Formicid Fighter began the quest for the Orb.
     0 | D:1      | Reached XP level 1. HP: 18/18 MP: 1/1
   114 | D:1      | Reached XP level 2. HP: 16/24 MP: 2/2
   629 | D:1      | Reached XP level 3. HP: 30/30 MP: 3/3
  1015 | D:2      | Found a faded altar of an unknown god.
  1425 | D:2      | Reached XP level 4. HP: 29/37 MP: 4/4
  1641 | D:2      | Noticed Jessica
  1648 | D:2      | Killed Jessica
  1822 | D:3      | Reached XP level 5. HP: 43/43 MP: 5/5
  1848 | D:3      | Found a glowing drain.
  1864 | Sewer    | Entered a sewer
  2080 | Sewer    | Noticed a bullfrog
  2082 | Sewer    | Noticed a bullfrog
  2094 | Sewer    | HP: 1/43 [bullfrog (5)]
  2096 | Sewer    | Slain by a ball python

Illustrated notes

Levels and vault maps discovered:
D:1:      minmay_arrival_glassed_features, layout_basic
D:2:      layout_basic, shapermc_ecumenical_altar_acropolis, uniq_jessica
D:3:      layout_basic, portal_sewer_entry_f, serial_shops, shop_scrolls
Sewer:    sewer_minmay_w

Skill      XL: |  1  2  3  4 |
---------------+-------------+-----
Fighting       | 4 |  4.7
Armour         | 4 |  4.6
Maces & Flails | 3 |  3.5
Shields        | |  4.0

Action                     |  1- 3 |  4- 6 || total
---------------------------+-------+-------++-------
  Melee: Flail             |   108 |    11 ||   119
         Club              |       |    80 ||    80
 Armour: Scale mail        |    53 |    79 ||   132
  Dodge: Dodged            |    59 |    89 ||   148
  Block: Buckler           |    39 |    44 ||    83
